[Event "Marmaris Karya-19 GM-May 2022"]
[Site "Icmeler-Marmaris"]
[Date "2022.05.15"]
[Round "2.5"]
[White "Sevdimaliyev, Urfan"]
[Black "Ozdemir, Serhan Berat"]
[Result "1-0"]
[ECO "B47"]
[WhiteElo "2331"]
[BlackElo "2117"]
[Annotator "TA"]
[PlyCount "53"]
[EventDate "2022.05.15"]
[EventType "schev"]
[EventCountry "TUR"]
[SourceTitle "playchess.com"]
[Source "ChessBase"]
[SourceQuality "1"]
[TimeControl "5400+30"]

1. e4 c5 2. Nc3 e6 3. Nf3 a6 4. g3 Nc6 5. Bg2 Qc7 6. O-O Nf6 7. d4 cxd4 8. Nxd4 h5 {[%emt 0:01:00] 8...Nxd4 is the modern continuation. B47: Sicilian: Taimanov: 5 Nc3 Qc7 6 f4, 6 g3 and 6 Be2.} 9. Nxc6 dxc6 10. e5 Nd5 (10... Qxe5 $11 11. Bf4 Qa5) 11. Ne4 $16 (11. Nxd5 $6 cxd5 12. h4 Bd7 $11) 11... b5 {[%emt 0:00:00] [#]} 12. c4 $146 ({White should play} 12. Re1 $16) ({Predecessor:} 12. Re1 Bb7 13. Bg5 c5 14. c4 Nb6 15. b3 Rc8 16. Qd3 Bc6 17. Rad1 Nd7 18. Nd6+ Bxd6 19. exd6 {½-½ (49) Gomez Dieguez,D (2199)-Minko,V (2411) Barcelona 2017}) 12... bxc4 $14 13. Qa4 (13. Qd4 $14) 13... Be7 14. Nd6+ Bxd6 15. exd6 Qd7 16. Qxc4 O-O 17. Qh4 {[%emt 0:01:30] White is more active.} Qxd6 18. Qxh5 e5 19. b3 ({Of course not} 19. Be4 $6 Nf6 20. Qh4 (20. Rd1 $2 Qb4 $19) 20... Nxe4 21. Qxe4 Be6 $11) 19... f5 20. Bb2 Bd7 21. Rad1 Rae8 22. Rfe1 Re7 (22... e4 $16) 23. Qe2 $18 e4 (23... Rfe8 {was called for.} 24. Qxa6 Bc8 25. Bxd5+ (25. Rxd5 Qh6 $14) 25... Qxd5 26. Rxd5 Bxa6 27. Rdxe5 Rxe5 28. Bxe5 (28. Rxe5 Rxe5 29. Bxe5 Kf7 $16) 28... Rd8) 24. Qxa6 f4 $2 {[%emt 0:04:30] [#]} (24... Qc7 {is a better defense.} 25. Ba3 Bc8) 25. Ba3 {[%emt 0:03:03] This bishop pair is nice. White is clearly winning.} Qh6 26. Bxe7 fxg3 27. fxg3 {[%emt 0:01:16] Weighted Error Value: White=0.13 (very precise) /Black=0.50} 1-0

[Event "Marmaris Karya-19 GM-May 2022"]
[Site "Icmeler-Marmaris"]
[Date "2022.05.15"]
[Round "3.1"]
[White "Caglar, Sila"]
[Black "Toufighi, Homayoon"]
[Result "1-0"]
[ECO "B01"]
[WhiteElo "2133"]
[BlackElo "2439"]
[Annotator "TA"]
[PlyCount "89"]
[EventDate "2022.05.15"]
[EventType "schev"]
[EventCountry "TUR"]
[SourceTitle "playchess.com"]
[Source "ChessBase"]
[SourceQuality "1"]
[TimeControl "5400+30"]

1. e4 d5 2. exd5 Qxd5 3. Nc3 Qa5 4. Nf3 Nf6 5. d4 Nc6 6. Be2 Bg4 7. h3 Bh5 8. O-O O-O-O 9. Be3 e5 10. Nxe5 {[%emt 0:05:00] B01: Scandinavian Defence.} Bxe2 11. Qxe2 Nxe5 12. dxe5 {[%emt 0:00:30] The position is equal.} Qxe5 {[%emt 0:00:00] [#]} 13. Rfd1 $146 (13. Bxa7 $2 Qxe2 14. Nxe2 b6 $19) ({Predecessor:} 13. Nb5 Bc5 14. Qc4 Bxe3 15. fxe3 a6 16. Nc3 Qxe3+ 17. Kh1 Rd7 18. Rae1 Qg5 19. Ne4 Nxe4 20. Qxe4 {0-1 (34) Dobrikov,M (2290)-Frischmann,R (2347) Magdeburg 2020}) 13... Bd6 {[%emt 0:00:00] ( -> ...Qh2+)} 14. f4 Qf5 15. Qb5 $36 {[%emt 0:07:30][%mdl 2048] White has some pressure.} Qh5 16. Rd3 a6 17. Qc4 Rhe8 18. b4 Qh4 (18... Qf5 $11) 19. Rad1 (19. Qxf7 Bxf4 20. Bf2 Bh2+ $1 21. Kxh2 Qxf2 $17) (19. Rf1 $5 ) 19... Rd7 20. Qd4 {[%emt 0:26:30] [#]} b6 (20... Bxb4 $1 $11 21. Qxb4 Rxd3 22. Rxd3 Qe1+ 23. Kh2 Rxe3 24. Qf8+ Re8 25. Qxg7 Qe6) 21. Qc4 $1 $16 Kb7 (21... Rxe3 $16 22. Rxe3 Qxf4 23. Qxf4 Bxf4) 22. Bf2 $18 Qh5 {[%emt 0:02:30] [#]} 23. a4 (23. Rxd6 $1 $18 {[%mdl 512] has better winning chances.} Rxd6 24. Rxd6 cxd6 25. b5 (25. Qd4 Nd7 $18) 25... axb5 26. Nxb5 Qd1+ 27. Kh2) 23... Red8 $2 (23... Qf5 $16) 24. Nd5 $2 ({White should play} 24. g4 $18 Nxg4 25. Qe4+ Kb8 26. hxg4 Qxg4+ 27. Kf1) 24... Qf5 (24... Nxd5 $1 $14 25. g4 (25. Qxd5+ Qxd5 26. Rxd5 Kc8 $11) (25. Rxd5 Bxf4 26. Rxd7 Qxd1+ 27. Rxd1 Rxd1+ 28. Be1 Bg3 $17) 25... Qh6 26. Qxd5+ Kb8) 25. Nxf6 gxf6 26. b5 axb5 27. axb5 Bc5 {[%emt 0:00:36] [#]} 28. g4 $1 Rxd3 29. Rxd3 (29. gxf5 $2 {loses.} Rxd1+ 30. Kg2 R1d2 $19) 29... Bxf2+ $2 (29... Rg8 $2 {[#]} 30. Rd8 $3 Rxd8 31. gxf5 $18) (29... Qc8 {is a better defense.} 30. Qxf7 (30. Bxc5 Rxd3 31. Qxd3 bxc5 $18) 30... Bd6 31. Qxf6 (31. Qc4 Kb8 $16) 31... Rf8) 30. Kxf2 {[%emt 0:00:02][%mdl 4096] Endgame KQR-KQR} Qc8 31. Qxf7 Kb8 32. Qxh7 Rh8 33. Qe7 f5 34. g5 {[%emt 0:00:05] And now g6 would win.} Qg8 35. Qf6 {[%emt 0:00:25] Ra3 is the strong threat.} Qe8 36. Re3 Qg8 37. Qxf5 (37. Ra3 $142 Qf8 38. Qa1 Qc5+ 39. Kg3 Qxa3+ 40. Qxa3) 37... Qc4 38. g6 {[%emt 0:01:14] Hoping for g7.} Rd8 39. g7 Rg8 40. Qf8+ Kb7 {[%emt 0:00:01] [#]} 41. Qxg8 $3 Qxg8 42. Rg3 Ka7 43. h4 Qc4 44. g8=Q Qxc2+ 45. Kg1 {Weighted Error Value: White=0.28 (precise) /Black=0.73} 1-0

[Event "Marmaris Karya-19 GM-May 2022"]
[Site "Icmeler-Marmaris"]
[Date "2022.05.15"]
[Round "3.2"]
[White "Gunduz, Umut Erdem"]
[Black "Maghalashvili, Davit"]
[Result "1/2-1/2"]
[ECO "B33"]
[WhiteElo "2316"]
[BlackElo "2456"]
[Annotator "TA"]
[PlyCount "83"]
[EventDate "2022.05.15"]
[EventType "schev"]
[EventCountry "TUR"]
[SourceTitle "playchess.com"]
[Source "ChessBase"]
[SourceQuality "1"]
[TimeControl "5400+30"]

1. e4 c5 2. Nf3 Nc6 3. d4 cxd4 4. Nxd4 Nf6 5. Nc3 e5 6. Ndb5 d6 7. Bg5 a6 8. Na3 b5 9. Nd5 Be7 10. Bxf6 Bxf6 11. c4 b4 {[%emt 0:00:00] B33: Sicilian: Pelikan and Sveshnikov Variations.} 12. Nc2 O-O $1 {[%emt 0:00:00][%mdl 4] is currently scoring better than 12...a5.} 13. g3 a5 {[%emt 0:00:00] The position is equal.} 14. h4 Be6 15. Bh3 a4 16. Kf1 b3 17. axb3 axb3 18. Nce3 Rxa1 19. Qxa1 g6 {[%emt 0:00:30] [#]} 20. Kg2 $146 ({Predecessor:} 20. Qd1 Nd4 21. h5 Bg7 22. hxg6 Bxh3+ 23. Rxh3 fxg6 24. Qg4 Rf3 25. Qh4 Qxh4 26. Rxh4 Rf7 27. Kg2 h5 28. g4 Nf3 29. Rh1 h4 30. Nc3 Bh6 31. Ned5 {½-½ (31) Laine,J (2263)-Sazon,A (2296) ICCF email 2020}) 20... Bg7 21. h5 f5 22. hxg6 hxg6 23. Qa6 Nd4 24. c5 dxc5 25. Qa7 Rf7 {[%emt 0:00:30] Inhibits Ne7+.} (25... fxe4 $2 26. Ne7+ Kf7 27. Nc6+ Qd7 28. Qxd7+ Bxd7 29. Bxd7 $18) 26. Qxc5 f4 ({Don't play} 26... fxe4 27. Bxe6 Nxe6 28. Qc4 $16 (28. Qc6 Qd7 $14)) (26... Bf8 $5 27. Qc4 Qa8 $17) 27. Bxe6 Nxe6 28. Qc6 Nd4 {[%emt 0:02:30] [#]} (28... Qd7 $11 29. Qxd7 Rxd7) 29. Qxg6 $1 $14 fxe3 30. fxe3 {[%emt 0:00:30] Chess con chili.} Qa5 $2 31. exd4 (31. Qh7+ $142 Kf8 32. exd4) 31... Qd2+ $18 32. Kh3 Qxb2 (32... exd4 $16 33. Rh2 Qh6+ 34. Qxh6 Bxh6) 33. Qe6 $2 ({White should try} 33. Qg5 $18 Qe2 34. Ne7+ Rxe7 35. Qxe7) 33... Qe2 $1 $11 34. Ne7+ Kf8 35. Ng6+ Kg8 36. Ne7+ Kf8 {[%emt 0:00:00] [#] Strongly threatening ...Qh5+.} 37. Ng6+ Kg8 38. Qe8+ Bf8 39. Qxe5 Rh7+ 40. Nh4 {[%emt 0:00:30] And now Qd5+ would win.} b2 41. Qf5 Qc2 42. Rf1 {Weighted Error Value: White=0.34/Black=0.29 (precise)} 1/2-1/2

[Event "Marmaris Karya-19 GM-May 2022"]
[Site "Icmeler-Marmaris"]
[Date "2022.05.15"]
[Round "3.3"]
[White "Ozsakallioglu, Okan"]
[Black "Gholami, Aryan"]
[Result "0-1"]
[ECO "B41"]
[WhiteElo "2312"]
[BlackElo "2530"]
[Annotator "TA"]
[PlyCount "74"]
[EventDate "2022.05.15"]
[EventType "schev"]
[EventCountry "TUR"]
[SourceTitle "playchess.com"]
[Source "ChessBase"]
[SourceQuality "1"]
[TimeControl "5400+30"]

1. e4 c5 2. Nf3 e6 3. d4 cxd4 4. Nxd4 a6 5. c4 Nf6 6. Nc3 Qc7 7. Be2 Bb4 8. Nc2 Be7 {[%emt 0:00:00] 8...Bxc3+ is more advanced technology. B41: Sicilian: Kan Variation: 5 c4.} 9. Be3 d6 10. Qd2 {[%emt 0:00:30] [#]} Nbd7 $146 {[%emt 0:00:30] White is slightly better.} ({Predecessor:} 10... b6 11. f3 Bb7 12. g4 Nc6 13. g5 Nd7 14. h4 Rc8 15. b3 Qb8 16. h5 b5 17. cxb5 axb5 18. Nxb5 {0-1 (47) Salomon,J (2503)-Gordievsky,D (2630) Moscow 2018}) 11. g4 {[%emt 0:00:30] g5 is the strong threat.} Ne5 12. g5 Nfg4 13. Bf4 h6 14. gxh6 Nxh6 15. Rg1 {[%emt 0:00:30] Prevents Nhg4.} Kf8 16. O-O-O f6 (16... Ng8 $14) 17. Bg3 Nhf7 18. f4 (18. b3 $16) 18... Nxc4 $11 19. Bxc4 Qxc4 20. Kb1 b5 21. Ne3 ({White should play} 21. b3 $11 Qc5 22. h4) 21... Qc6 $1 $15 {[%emt 0:00:30] And now ...b4 would win.} 22. Rc1 $1 {[%emt 0:00:30][%cal Oc3d5] Hoping for Ncd5!} Qb7 $36 {[%emt 0:00:30][%mdl 2048] Against Ncd5. next ...b4 is good for Black. Black is more active.} 23. f5 b4 24. Ncd5 {[%emt 0:00:30] White does not recover from this.} exd5 $19 25. Nxd5 {[%emt 0:00:30] [#] Black must now prevent Rc7.} Bd8 {[%emt 0:00:30][%cal Be7d8,Bd8c7,Bc7b6][%mdl 32] Against Rc7} 26. Qg2 Rh7 27. Bh4 {[%emt 0:03:30][%cal Og2g6] [#] Strongly threatening Qg6!} Ng5 $1 (27... Rxh4 {leads to mate.} 28. Qxg7+ Ke8 29. Qg8+ Kd7 30. Qxf7+) 28. Bxg5 fxg5 29. Rc7 $2 (29. h4 gxh4 30. Qh2) 29... Bxc7 30. Qxg5 Bb6 31. Rf1 Bd4 32. Rd1 {[%emt 0:23:48] [#]} Rxh2 $1 33. Rxd4 (33. Qd8+ Kf7) 33... Qc6 34. Qe7+ Kg8 35. Qd8+ Kh7 {[%emt 0:00:30] ( -> ...Rh1+)} 36. Nf6+ gxf6 37. Qe7+ Kg8 {Weighted Error Value: White=0.86/Black=0.24 (precise)} 0-1

[Event "Marmaris Karya-19 GM-May 2022"]
[Site "Icmeler-Marmaris"]
[Date "2022.05.15"]
[Round "3.4"]
[White "Darban, Morteza"]
[Black "Sevdimaliyev, Urfan"]
[Result "1/2-1/2"]
[ECO "A08"]
[WhiteElo "2279"]
[BlackElo "2331"]
[Annotator "TA"]
[PlyCount "120"]
[EventDate "2022.05.15"]
[EventType "schev"]
[EventCountry "TUR"]
[SourceTitle "playchess.com"]
[Source "ChessBase"]
[SourceQuality "1"]
[TimeControl "5400+30"]

1. e4 c5 2. Nf3 Nf6 3. d3 d5 4. Nbd2 Nc6 5. g3 g6 6. Bg2 Bg7 7. O-O O-O 8. Re1 e6 9. c3 a5 10. a4 {[%emt 0:14:30] A08: King's Indian Attack.} b6 11. Qc2 Ba6 12. exd5 exd5 {[%emt 0:00:30] [#]} 13. Nb3 $146 ({Predecessor:} 13. Nf1 h6 14. Bd2 Rc8 15. Rad1 Qd7 16. Bf4 Rfe8 17. Ne5 Nxe5 18. Bxe5 Rcd8 19. d4 {1-0 (63) Bortnyk,M (2416)-Chigaev,M (2526) Minsk 2015}) 13... Qd7 14. d4 $1 c4 15. Nbd2 Rae8 16. Nf1 Rxe1 17. Nxe1 Rc8 18. Bg5 Ne7 19. Nf3 Ne4 20. Bxe7 Qxe7 21. Re1 Qd7 22. N1d2 Nxd2 23. Nxd2 Bb7 24. b3 cxb3 25. Qxb3 Qc7 26. Nb1 Rd8 27. Na3 Bc6 28. Rb1 Bf8 29. Nc2 Bh6 $1 30. Qxb6 Qxb6 31. Rxb6 Bxa4 32. Ne3 Re8 33. Bxd5 Bxe3 34. fxe3 Rxe3 $14 {[%emt 0:00:04][%mdl 4096] Endgame KRB-KRB} 35. Rb8+ (35. c4 $14) 35... Kg7 $11 36. Rc8 Bd1 37. Rc7 a4 38. Kf2 Re2+ 39. Kf1 {[%emt 0:00:01] [#] Strongly threatening Bf3.} Re3 {[%emt 0:00:38] Against Bf3} 40. Bxf7 {[%emt 0:00:42] And now Bb3+ would win.} Kf6 {[%emt 0:00:14] The position is equal.} 41. Bd5 a3 42. h4 g5 43. hxg5+ Kxg5 44. Rxh7 Rxc3 45. Ra7 Rxg3 46. Ke1 {[%emt 0:00:19] [#] Rg7+ is the strong threat.} Bh5 47. Kd2 Bg6 48. Bc4 Bf5 49. d5 Kf6 50. d6 Rg7 {[%emt 0:00:22] Inhibits Rf7+.} 51. Ra6 Rd7 52. Kc3 Ke5 53. Ra5+ Kf6 54. Ra6 Ke5 55. Ra5+ Kf6 56. Rd5 a2 57. Rd1 a1=Q+ 58. Rxa1 Rxd6 59. Ra6 Rxa6 60. Bxa6 Ke5 {[%emt 0:00:13] Weighted Error Value: White=0.03 (flawless) /Black=0.02 (flawless)} 1/2-1/2

[Event "Marmaris Karya-19 GM-May 2022"]
[Site "Icmeler-Marmaris"]
[Date "2022.05.15"]
[Round "3.5"]
[White "Ozdemir, Serhan Berat"]
[Black "Benidze, Davit"]
[Result "0-1"]
[ECO "B15"]
[WhiteElo "2117"]
[BlackElo "2425"]
[Annotator "TA"]
[PlyCount "84"]
[EventDate "2022.05.15"]
[EventType "schev"]
[EventCountry "TUR"]
[SourceTitle "playchess.com"]
[Source "ChessBase"]
[SourceQuality "1"]
[TimeControl "5400+30"]

1. e4 g6 2. d4 Bg7 3. Nc3 c6 4. Nf3 d5 5. h3 Nh6 6. Bd3 O-O 7. O-O f6 8. Re1 Nf7 9. Bf1 e6 10. Be3 {[%emt 0:00:30] B15: Caro-Kann: 3 Nc3: 3...g6 and 3...dxe4 4 Nxe4 Nf6 5 Nxf6+ exf6.} Nd7 11. Qd2 {[%emt 0:00:30] [#]} b6 $146 ({Predecessor:} 11... Re8 12. Rad1 b5 13. a3 Nb6 14. b3 Bf8 15. Qc1 a5 16. exd5 exd5 17. Bf4 Rxe1 18. Rxe1 {1-0 (45) Tregubov,P (2537)-Terry,R (2504) Chess.com INT 2022}) 12. a4 {[%emt 0:00:30][%cal Oa4a5] The position is equal.} a6 13. g3 Bb7 {[%emt 0:06:30] Threatens to win with ...dxe4.} 14. exd5 cxd5 15. Rad1 Rc8 16. Bg2 Re8 17. h4 Qe7 18. b3 Qf8 19. Bh3 Nd6 20. Bf4 Ne4 (20... f5 $11) 21. Nxe4 $14 dxe4 {[%emt 0:00:30] [#]} 22. Nh2 ({Better is} 22. d5 $1 $14 Nc5 23. b4 Bxd5 24. bxc5 Rxc5 25. Be3 exf3 26. Bxc5 Qxc5 27. Qxd5 exd5 28. Rxe8+ Kf7 29. Rc8) 22... f5 $15 23. Be3 Red8 24. Qe2 (24. Bf1 $15) 24... h6 (24... Rc3 $142 {...Nf6 is the strong threat.} 25. Rc1 Rdc8) 25. c4 Qb4 26. h5 g5 $1 27. d5 Ne5 (27... Qxb3 28. dxe6 Ne5 29. Bxf5 $18) (27... Qd6 $15) 28. dxe6 g4 29. Bf1 (29. Rxd8+ $11 Rxd8 30. Bf1) 29... Nd3 $17 (29... Qxb3 30. Rxd8+ Rxd8 31. e7 $11) 30. e7 Re8 (30... Qxe7 $6 31. Bxb6 Rd6 32. Rxd3 Rxb6 33. Red1 $11) 31. Bxh6 Nxe1 (31... Bxh6 $6 32. Rxd3 Rxe7 33. Rdd1 $11) 32. Bxg7 Kxg7 33. Qb2+ (33. Qe3 $17 {was called for.} Qxe7 34. Rxe1) 33... Kf7 (33... Kg8 $19 {is more deadly. And now ...e3 would win.} 34. Qc1 Rxe7 $1 35. Rxe1 Rf8) 34. h6 {[%emt 0:00:51][%cal Oh2g4] Intending Nxg4! and mate.} Qxe7 35. Qg7+ $1 $11 Ke6 36. Qg6+ Ke5 {[%emt 0:00:00] White must now prevent ...Nf3+.} (36... Qf6 $2 {[#]} 37. Rd6+ $3 Kxd6 38. Qxf6+ Kc7 39. Qxf5 $18) 37. Rxe1 (37. f4+ $1 $11 {and White stays safe.} gxf3 38. Rxe1 f2+ 39. Kxf2) 37... Qf6 $19 {[%emt 0:03:30] The board is on fire.} 38. Qh5 (38. Qxf6+ $142 Kxf6 39. Bg2) 38... Kd6 {[%emt 0:00:30] Active counter play!} 39. c5+ Kc7 ({But not} 39... Kxc5 40. Nxg4 Qc3 41. Re3 $18 (41. Qxf5+ Kb4 $18)) ({Inferior is} 39... bxc5 40. Bc4 $17) 40. Bc4 e3 {[%emt 0:02:30] Black is clearly winning.} 41. f3 (41. Qf7+ $142 Qxf7 42. Bxf7 exf2+ 43. Kxf2 Rxe1 44. Kxe1) 41... bxc5 42. fxg4 Qc6 {Weighted Error Value: White=0.42/Black=0.15 (very precise)} 0-1

[Event "Marmaris Karya-19 GM-May 2022"]
[Site "Icmeler-Marmaris"]
[Date "2022.05.15"]
[Round "4.1"]
[White "Maghalashvili, Davit"]
[Black "Caglar, Sila"]
[Result "1-0"]
[ECO "B15"]
[WhiteElo "2456"]
[BlackElo "2133"]
[Annotator "TA"]
[PlyCount "103"]
[EventDate "2022.05.15"]
[EventType "schev"]
[EventCountry "TUR"]
[SourceTitle "playchess.com"]
[Source "ChessBase"]
[SourceQuality "1"]
[TimeControl "5400+30"]

1. e4 c6 2. d4 d5 3. Nc3 dxe4 4. Nxe4 Nf6 5. Nxf6+ exf6 6. Nf3 Bd6 7. Be2 O-O 8. O-O Re8 9. h3 {[%emt 0:00:30] B15: Caro-Kann: 3 Nc3: 3...g6 and 3...dxe4 4 Nxe4 Nf6 5 Nxf6+ exf6.} Nd7 10. c4 Nf8 11. Be3 {[%emt 0:01:30] The position is equal.} Ng6 12. d5 {[%emt 0:00:30] [#]} cxd5 $146 ({Predecessor:} 12... Nf4 13. Bxf4 Bxf4 14. dxc6 Qxd1 15. Raxd1 bxc6 16. c5 Bxh3 17. Ba6 {½-½ (17) Moraes,N (2185)-Ferreira,P (1897) Belem 2015}) 13. Qxd5 Nf4 14. Bxf4 Bxf4 15. Qxd8 Rxd8 16. Rad1 Bf5 17. Nd4 Be4 18. Bf3 Bxf3 19. Nxf3 Kf8 20. Rfe1 Bc7 21. Kf1 Ba5 22. Rxd8+ Rxd8 $11 {[%emt 0:00:00][%mdl 4096] Endgame KRB-KRN} 23. Rc1 Ke7 24. Ke2 Rd7 25. c5 Rd5 26. Rc4 Bc7 27. b4 b6 28. cxb6 Bxb6 29. a4 Kd7 30. a5 Bc7 31. Rd4 Kc6 32. Kd3 Be5 33. Rxd5 Kxd5 {[%emt 0:00:00] KB-KN} 34. Nd2 Bd6 35. Kc3 Be5+ 36. Kb3 $1 Bd4 37. f3 a6 (37... f5 $14) 38. Ne4 ({White should try} 38. g4 $1 $16) 38... Be3 {[%emt 0:05:30] [#]} (38... f5 $1 $14 39. Ng5 Be3 40. Nxh7 (40. Nxf7 Ke6 $11) 40... Bf4) 39. Nc3+ $1 $18 Kd4 40. b5 axb5 41. a6 {[%emt 0:00:30] aiming for a7.} (41. Nxb5+ Kc5 42. Ka4 Kc6 $14) 41... Kd3 $2 {[%emt 0:00:30][%mdl 8192] This costs Black the game.} (41... Ke5 $16) 42. Kb4 (42. Nxb5 Bc5 43. Ka4 (43. a7 Bxa7 44. Nxa7 Ke3 $11) 43... Kc4 44. Na3+ (44. a7 Bxa7 45. Nxa7 Kd3 $11) 44... Kd5) 42... f5 43. Nd5 Ba7 44. Kxb5 Ke2 45. Kc6 Kf2 46. Kb7 Bd4 47. Nb6 (47. a7 Bxa7 48. Ne7 {[#]} (48. Kxa7 $2 Kxg2 49. Ne7 f4 $19) 48... f4 $1 49. Kxa7 Kxg2 $19) 47... Kxg2 48. a7 Bxb6 49. Kxb6 {[%emt 0:00:30] White mates.} Kxf3 50. a8=Q+ Kg3 51. Qd5 f4 52. Qg5+ {[%emt 0:00:30] Weighted Error Value: White=0.05 (flawless) /Black=0.33} 1-0

[Event "Marmaris Karya-19 GM-May 2022"]
[Site "Icmeler-Marmaris"]
[Date "2022.05.15"]
[Round "4.2"]
[White "Gholami, Aryan"]
[Black "Gunduz, Umut Erdem"]
[Result "1-0"]
[ECO "B13"]
[WhiteElo "2530"]
[BlackElo "2316"]
[Annotator "TA"]
[PlyCount "63"]
[EventDate "2022.05.15"]
[EventType "schev"]
[EventCountry "TUR"]
[SourceTitle "playchess.com"]
[Source "ChessBase"]
[SourceQuality "1"]
[TimeControl "5400+30"]

1. d4 d5 2. Bf4 c5 3. e3 Nc6 4. c3 cxd4 5. exd4 Bf5 6. Qb3 {[%emt 0:03:00] B13: Caro-Kann: Exchange Variation and Panov-Botvinnik Attack.} Qd7 7. Nf3 e6 8. Nbd2 {[%emt 0:00:30] The position is equal.} Nge7 9. Be2 Ng6 10. Bg3 h5 11. h4 $1 {[%emt 0:01:30] [#]} O-O-O $146 ({Predecessor:} 11... Bd6 12. Bxd6 Qxd6 13. g3 O-O 14. O-O Bg4 15. Rfe1 Rae8 16. Qd1 e5 17. dxe5 Ngxe5 18. Nxe5 Nxe5 {½-½ (36) Giri,A (2780)-Artemiev,V (2704) chess24.com INT 2021}) 12. O-O Bd6 13. Bxd6 Qxd6 14. Rfe1 f6 15. c4 Nf4 16. Bf1 g5 (16... dxc4 $142 17. Nxc4 Qd7) 17. hxg5 $11 Rdg8 18. Rac1 (18. gxf6 Nh3+ 19. Kh1 Nxf2+ 20. Kg1 Nh3+ 21. Kh1 Nf2+ 22. Kg1 Nh3+ 23. Kh1 Nf2+ $11) 18... h4 ({Better is} 18... Kb8 $14) 19. cxd5 (19. gxf6 Nxg2 20. Re5 (20. Bxg2 h3 $17) 20... Nxe5 21. cxd5+ Kb8 22. dxe5 Qxd5 $1 23. Qxd5 (23. Bxg2 $2 Qxb3 24. Nxb3 h3 $19) 23... exd5 $11) 19... exd5 {[%emt 0:00:30] [#]} 20. Qa3 ({White should try} 20. Qe3 $1 $16) 20... Qc7 $2 {[%emt 0:09:30][%mdl 8192] [#]} (20... Qxa3 $11 21. bxa3 fxg5) 21. Re7 $1 Bd7 22. Rf7 {[%emt 0:01:30] Black must now prevent b4.} ({Less strong is} 22. Bb5 h3 23. g3 (23. Bxc6 hxg2) 23... h2+ 24. Nxh2 (24. Kh1 Nh3 $16) 24... Rxg5 $18) 22... h3 23. g3 {[%emt 0:00:30] White is clearly winning.} h2+ 24. Kh1 Nh5 25. Bd3 {[%emt 0:03:30] Threatens to win with b4.} ({And not} 25. gxf6 Qxg3 26. Rf8+ (26. Rg7 $2 Qxf2 27. Rxc6+ Bxc6 $19) 26... Rxf8 $11) 25... Nxg3+ 26. fxg3 Qxg3 27. Qxa7 Rxg5 {[%emt 0:04:30] [#]} 28. Rxc6+ $1 Bxc6 $18 29. Qa8+ Qb8 30. Qxb8+ Kxb8 31. Nxg5 fxg5 32. Rh7 {[%emt 0:00:00] Weighted Error Value: White=0.49/Black=0.54} 1-0

[Event "Marmaris Karya-19 GM-May 2022"]
[Site "Icmeler-Marmaris"]
[Date "2022.05.15"]
[Round "4.3"]
[White "Sevdimaliyev, Urfan"]
[Black "Ozsakallioglu, Okan"]
[Result "0-1"]
[ECO "D03"]
[WhiteElo "2331"]
[BlackElo "2312"]
[Annotator "TA"]
[PlyCount "136"]
[EventDate "2022.05.15"]
[EventType "schev"]
[EventCountry "TUR"]
[SourceTitle "playchess.com"]
[Source "ChessBase"]
[SourceQuality "1"]
[TimeControl "5400+30"]

1. d4 d5 2. Nf3 Nf6 3. Bg5 Ne4 4. Bf4 c5 5. dxc5 Nc6 6. Nbd2 {[%emt 0:01:30] D03: 1 d4 d5 2 Nf3 Nf6 3 Bg5, including Torre Attack with early ...d5.} Nxc5 7. e3 g6 8. Be2 {[%emt 0:03:30] Black is slightly better.} Bg7 9. c3 {[%emt 0:00:00] [#]} e5 $146 ({Predecessor:} 9... O-O 10. O-O {½-½ (10) Danner,G (2453)-Horvath,J (2551) Budapest 2001}) 10. Bg3 Bf5 (10... a5 $15) 11. O-O $1 $11 O-O 12. Nb3 (12. b4 $11 {keeps the balance.} Nd7 13. Qb3) 12... Ne4 $17 13. Nfd2 Nxg3 14. hxg3 Qe7 15. Bg4 Bd3 16. Be2 Bf5 {[%emt 0:00:00] Black is much more active. The white rooks are badly placed.} 17. Bg4 $1 Bxg4 18. Qxg4 h5 19. Qe2 {[%emt 0:00:30] [#]} h4 (19... e4 $1 $17) 20. gxh4 $11 Qxh4 21. e4 Rad8 22. Rad1 dxe4 23. Nxe4 Rxd1 24. Rxd1 Rd8 {[%emt 0:00:00] Prevents Rd7.} 25. Rd3 f5 26. Nec5 Qe7 27. Rxd8+ Nxd8 28. Qc4+ Kh7 29. Qd5 b6 30. Na6 Ne6 31. Nb4 Nf4 32. Qf3 Qd6 {[%emt 0:00:30] Hoping for ...e4.} 33. g3 $1 Nh3+ 34. Kg2 {[%emt 0:01:46] [#]} e4 $1 35. Qe2 Ng5 36. Qd2 Qf6 37. Nd5 Qe5 38. Qxg5 Qxd5 {[%emt 0:00:00][%mdl 4096] Endgame KQB-KQN} 39. Qd2 Qc6 40. Kh2 (40. Qf4 {looks sharper.} e3+ 41. Kf1 Bh6 42. Qh4) 40... Bf6 41. Nd4 Qd5 42. Nb3 Qe6 43. Qf4 g5 44. Qc7+ Kg6 45. Nd4 ({Much weaker is} 45. Qxa7 f4 46. Qa6 Qg4 $15) 45... Qd5 46. Qc6 Qxc6 47. Nxc6 $15 {[%emt 0:00:30] KB-KN} a5 48. Na7 Kf7 49. g4 ({Better is} 49. Kg2 $15) 49... Be5+ $17 ({But not} 49... fxg4 $6 50. Kg3 $11) 50. Kg2 fxg4 51. Nb5 $2 (51. Nc8 $17 {might work better.} Bc7 52. Kf1) 51... Ke6 $19 52. Na3 e3 $2 ({Black should play} 52... Kd5 $19 {White must now prevent ...Kc5.} 53. Kf1 g3) 53. fxe3 $11 Kd5 {[%emt 0:00:30] Threatens to win with ...Ke4.} 54. Kf2 Bd6 55. Nc2 Ke4 {[%emt 0:00:30] ...g3+ is the strong threat.} 56. Nd4 g3+ 57. Kg2 {[%emt 0:00:38] [#]} Be5 (57... Bc7 $1 $17 58. Ne6 Bd6) 58. a4 $2 (58. Nc6 $15) 58... Kxe3 $19 59. Nc6 Bc7 60. Ne7 Ke4 61. b4 Ke5 {[%emt 0:01:30] Strongly threatening ...Ke6.} 62. bxa5 bxa5 63. Kf3 Ke6 64. Nc6 Kd5 65. Nd4 Kc4 (65... Be5 $142 66. Ne2 Kc4 67. Ke4 Bxc3 68. Nxg3 Kb4 69. Ne2 Bd2 70. Kd5 Bf4 71. Kd4 Kxa4 72. Ke4 Kb3 73. Nd4+ Kc4 74. Nc2 Kc3 75. Na3 Kb3 76. Nb5 Kb4 77. Nd4 Kc4 78. Nc2 Kc3 79. Na3 Kb3 80. Nb5 Kb4 81. Nd4 Kc4) 66. Ne6 Bf4 {[%emt 0:00:00] Black mates.} 67. Nd8 Kxc3 68. Nc6 Bc7 {[%emt 0:00:30] Weighted Error Value: White=0.37/Black=0.23 (precise)} 0-1